Map: [TLMC19] Sacred Isle

Players

Harstem

  • Race: Protoss Protoss
  • League: Master
  • Spawn Location: 7:00

DKZherO (herO) - Winner!

  • Race: Protoss Protoss
  • Spawn Location: 3:00

VOD

Have the link to the VOD?

Description

Time

  • Played on: Dec. 21, 2023, 8:01 a.m.
  • Length: 6:35
Show
View Real Time Build Order
Export as new Build Order

Harstem Protoss 

Build Orders: Oracle Opening, Blink Stalkers 

Get SALT Encoding   

  12  0:00  Probe  
  13  0:12  Probe  
  14  0:17  Pylon  
  14  0:24  Probe (Chrono Boost)  
  15  0:37  Probe (Chrono Boost)  
  15  0:38  Gateway  
  16  0:45  Probe (Chrono Boost)  
  16  0:46  Assimilator  
  17  0:51  Probe  
  17  0:54  Assimilator  
  18  1:03  Probe (Chrono Boost)  
  19  1:10  Gateway  
  19  1:14  Probe (Chrono Boost)  
  20  1:19  Probe (Chrono Boost)  
  21  1:27  Cybernetics Core  
  21  1:31  Probe  
  22  1:41  Pylon  
  22  1:43  Probe  
  23  1:59  Probe  
  24  2:04  Stargate  
  24  2:05  Warp Gate  
  24  2:11  Adept  
  26  2:16  Stalker  
  28  2:24  Pylon  
  27  2:45  Oracle (Chrono Boost)  
  30  3:00  Probe  
  30  3:03  Nexus  
  31  3:16  Probe  
  31  3:18  Stalker  
  34  3:27  Twilight Council  
  34  3:28  Probe  
  35  3:34  Pylon  
  35  3:42  Probe  
  36  3:54  Probe  
  37  3:59  Blink (Chrono Boost)  
  37  4:02  Stalker x2  
  38  4:07  Probe  
  37  4:11  Gateway  
  37  4:15  Probe  
  38  4:19  Probe  
  39  4:27  Stalker, Probe  
  42  4:32  Stalker  
  42  4:34  Probe  
  45  4:39  Probe  
  46  4:48  Pylon  
  46  4:51  Stalker  
  46  4:52  Probe  
  49  4:56  Stalker  
  52  5:06  Stalker, Pylon  
  55  5:11  Probe  
  55  5:14  Probe  
  55  5:15  Stalker  
  55  5:20  Stalker  
  58  5:23  Probe  
  57  5:28  Probe  
  58  5:36  Pylon  
  58  5:37  Stalker  
  58  5:39  Stalker  
  62  5:47  Stalker  
  64  5:57  Nexus  
  58  6:12  Stalker x3  
  58  6:18  Probe  
  58  6:21  Probe  
  58  6:25  Pylon  
Show
View Real Time Build Order
Export as new Build Order

DKZherO Protoss - Winner!

Build Orders: 1 Gate Expand, Phoenix Opening 

Get SALT Encoding   

  12  0:00  Probe  
  13  0:12  Probe  
  14  0:17  Pylon  
  14  0:24  Probe  
  15  0:35  Gateway  
  15  0:37  Probe (Chrono Boost)  
  16  0:43  Assimilator  
  16  0:49  Probe (Chrono Boost)  
  17  0:54  Probe (Chrono Boost)  
  18  1:03  Probe  
  19  1:16  Probe  
  20  1:23  Nexus  
  20  1:33  Cybernetics Core  
  20  1:36  Probe  
  21  1:42  Assimilator  
  21  1:48  Probe  
  21  1:51  Pylon  
  22  2:00  Probe  
  23  2:07  Stalker (Chrono Boost)  
  23  2:14  Probe  
  26  2:17  Warp Gate  
  26  2:28  Stalker (Chrono Boost)  
  26  2:30  Probe  
  29  2:38  Probe  
  29  2:43  Probe  
  31  2:49  Stalker (Chrono Boost)  
  33  2:53  Stargate  
  33  2:55  Probe x2  
  34  3:04  Shield Battery  
  34  3:07  Probe x2  
  36  3:16  Stalker (Chrono Boost)  
  36  3:19  Probe x2  
  39  3:30  Pylon  
  39  3:31  Probe x2  
  41  3:36  Phoenix (Chrono Boost)  
  43  3:43  Gateway  
  43  3:45  Probe x2  
  45  3:53  Phoenix (Chrono Boost)  
  46  4:03  Probe, Pylon  
  46  4:06  Probe  
  48  4:13  Assimilator, Robotics Facility  
  48  4:17  Probe  
  48  4:18  Probe  
  48  4:23  Stalker  
  52  4:29  Probe  
  52  4:30  Probe  
  54  4:32  Gateway  
  54  4:33  Pylon  
  54  4:41  Sentry  
  56  4:50  Nexus  
  56  4:53  Pylon  
  56  4:56  Sentry  
  56  4:57  Probe  
  56  4:58  Probe  
  61  5:08  Observer (Chrono Boost)  
  61  5:12  Shield Battery  
  61  5:13  Probe x2  
  63  5:17  Immortal (Chrono Boost)  
  67  5:27  Stalker x2  
  71  5:29  Pylon  
  71  5:32  Probe x2  
  73  5:40  Pylon  
  73  5:49  Probe x2  
  75  5:50  Immortal (Chrono Boost)  
  75  5:53  Shield Battery  
  79  5:57  Forge  
  79  6:10  Stalker x2  
  79  6:11  Stalker  
  81  6:12  Probe  
  82  6:25  Shield Battery  
  85  6:28  Shield Battery  
Tags
 
Add a new tag
Caveats
  • Supply blocks, unpowered buildings, or Contaminate may cause inaccurate times.
  • Supply counts are checked every 10 seconds.